 Dungeon Crawl Stone Soup version 0.17-a0-1718-g72dbe4d (webtiles) character file.

283798 achirane the Executioner (level 20, -11/185 (187) HPs)
             Began as a Hill Orc Berserker on Aug 24, 2015.
             Was a High Priest of Trog.
             Mangled by an acid blob (12 damage)
             ... on level 5 of the Pits of Slime.
             The game lasted 03:34:09 (33726 turns).

achirane the Executioner (Hill Orc Berserker)      Turns: 33726, Time: 03:34:09

HP:   -11/185 (187) AC: 36    Str: 32    XL:     20   Next: 57%
MP:   0/20          EV: 10    Int:  7    God:    Trog [*****.]
Gold: 2309          SH:  0    Dex: 10    Spells: 0 memorised, 19 levels left

rFire  + + +     SeeInvis +     o - +9 executioner's axe (freeze)
rCold  + . .     Clarity  +     N - +8 plate armour {rPois}
rNeg   . . .     SustAt   .     (no shield)
rPois  +         Gourm    .     m - +2 hat {Spirit}
rElec  +         Spirit   +     S - +1 cloak of the Cockatrice {Str+3 SInv Stlth+}
rCorr  +         Warding  .     G - +1 pair of gloves "Webruesm" {-Tele rElec rF+++ rCorr}
rMut   .         NoTele   +     O - +2 pair of boots {Stlth+}
MR     ++++.                    E - amulet of clarity
Stlth  ..........               s - +3 ring of protection
                                p - ring of protection from magic

@: corroded equipment, regenerating, incredibly resistant to hostile
enchantments, extremely unstealthy
A: fangs 1, cold resistance 1, mutation resistance 1, subdued magic 1
a: Burn Spellbooks, Berserk, Trog's Hand, Brothers in Arms, Renounce Religion
}: 2/15 runes: decaying, serpentine


You were on level 5 of the Pits of Slime.
You worshipped Trog.
Trog was extremely pleased with you.
You were not hungry.

You visited 6 branches of the dungeon, and saw 40 of its levels.

You collected 2655 gold pieces.
You spent 346 gold pieces at shops.

Inventory:

Hand weapons
 o - a +9 executioner's axe of freezing (weapon)
 R - a +4 dire flail of protection
Armour
 e - a +2 pair of gloves of strength
 m - a +2 hat of spirit shield (worn)
 G - the +1 pair of gloves "Webruesm" (worn) {-Tele rElec rF+++ rCorr}
   (You found it on level 4 of the Lair of Beasts)

   It renders you almost immune to fire.
   It insulates you from electricity.
   It prevents most forms of teleportation.
   It protects you from acid and corrosion.
 N - a +8 plate armour of poison resistance (worn)
 O - a +2 pair of boots of stealth (worn)
 S - the +1 cloak of the Cockatrice (worn) {Str+3 SInv Stlth+}
   (You found it on level 10 of the Dungeon)

   It affects your strength (+3).
   It lets you see invisible.
   It makes you more stealthy.
Jewellery
 p - a ring of protection from magic (left hand)
 q - an uncursed ring of protection from magic
 s - a +3 ring of protection (right hand)
 E - an amulet of clarity (around neck)
 J - an uncursed amulet of resist mutation
 L - an uncursed amulet of stasis
 Q - an uncursed ring of ice
 Y - an uncursed ring of fire
Magical devices
 g - a wand of digging (14)
 j - a wand of teleportation (4)
 C - a wand of fire (9)
 T - a wand of heal wounds (2)
 U - a wand of fireball (6)
 V - a wand of lightning (9)
 X - a wand of cold (3)
Scrolls
 d - 8 scrolls of magic mapping
 k - 2 scrolls of silence
 l - 5 scrolls of fog
 u - 10 scrolls of remove curse
 y - 10 scrolls of teleportation
 A - a scroll of fear
 D - a scroll of identify
 M - a scroll of recharging
Potions
 b - 5 potions of flight
 i - 3 potions of invisibility
 r - 2 potions of might
 v - 3 potions of agility
 w - a potion of curing
 z - a potion of resistance
 I - a potion of magic
 W - a potion of berserk rage
Comestibles
 c - 9 bread rations


   Skills:
 - Level 18.0 Fighting
 - Level 25.0 Axes
 - Level 1.5(15.0) Maces & Flails
 + Level 24.5 Armour
 - Level 1.5 Dodging


You had 19 spell levels left.
You didn't know any spells.

Dungeon Overview and Level Annotations

Branches:
Dungeon (15/15)            Temple (0/1) D:4            Lair (8/8) D:10
  Swamp (4/4) Lair:4        Snake (4/4) Lair:5        Slime (6/6) Lair:7
    Orc (0/4) D:11         Vaults (0/5) D:13         Depths (3/5) D:15

Altars:
Ashenzari
Cheibriados
Dithmenos
Elyvilon
Fedhas
Makhleb
Nemelex Xobeh
Okawaru
Qazlal
Ru
Vehumet
Xom
Yredelemnul
Zin
The Shining One
Jiyva
Lugonu

Shops:
D:4 ?   D:5 [   D:11 %   Snake:3 *   Snake:4 :*=}   Depths:2 [

Portals:
Hell: Depths:1 Depths:2
Abyss: Depths:1 Depths:3
Pandemonium: Depths:2

Annotations:
D:7 1 exclusion
Slime:6 Royal Jelly


Innate Abilities, Weirdness & Mutations

You have very sharp teeth.
Your flesh is cold resistant.
You are somewhat resistant to further mutation.
Your spells are a little easier to cast, but a little less powerful.


Message History

* * * LOW HITPOINT WARNING * * *
The azure jelly freezes you! You resist.
* * * LOW HITPOINT WARNING * * *
The azure jelly barely misses you.
The azure jelly hits you but does no damage.
The death ooze hits you!
* * * LOW HITPOINT WARNING * * *
Your flesh rots away! x2
The death ooze hits you!
* * * LOW HITPOINT WARNING * * *
The azure jelly hits you but does no damage.
The azure jelly barely misses you.
The azure jelly hits you but does no damage.
The azure jelly closely misses you.
The death ooze hits you but does no damage. x2
The acid blob spits acid at you. The splash of acid hits you!
The acid burns!
You resist.
* * * LOW HITPOINT WARNING * * *
The acid blob hits you!
You die...

.......##
..........##
...#.......##
............
.............##
...#..........#
.........JJJ.#
.........J@J.##
.#...#...JJJ..#
.............##
.<............#
.........<...##
...........###
......##...#
...... .#.##
.#... ...##


You could see 2 acid blobs, 3 azure jellies and 3 death oozes.

Vanquished Creatures
  An ancient lich (Depths:2)
  Vashnia (Snake:3)
  Jorgrun (Swamp:4)
  2 tentacled monstrosities
  The ghost of 4thArraOfDagon the Brawler, a mighty TrCK of Xom (Slime:6)
  2 liches (Depths:2)
  8 acid blobs
  4 thorn hunters
  Gastronok (Lair:1)
  Kirke (Lair:5)
  A tengu reaver (Depths:3)
  A frost giant (Depths:3)
  An azure jelly (Slime:2)
  6 greater nagas (Snake:4)
  Wiglaf (Snake:3)
  A fire giant (Depths:1)
  Aizul (Swamp:2)
  Louise (Swamp:4)
  The ghost of achirane the Executioner, a powerful HOBe of Trog (Lair:8)
  A very ugly thing (Depths:1)
  2 vampire knights
  2 draconian annihilators (Depths:2)
  10 stone giants
  A deep elf annihilator (Depths:2)
  Nessos (D:12)
  Snorg (D:12)
  8 fire dragons
  3 ettins
  An entropy weaver (Depths:3)
  3 rakshasas
  3 vault guards (D:13)
  A great orb of eyes (Depths:1)
  4 ice dragons
  Fannar (D:11)
  A yaktaur captain (Depths:3)
  7 naga warriors
  Harold (D:12)
  2 ghost crabs (Swamp:3)
  A spriggan air mage (Depths:3)
  18 hydras
  A catoblepas (Lair:6)
  6 centaur warriors
  16 anacondas
  Erica (D:9)
  A deep troll earth mage (Depths:3)
  7 ogre magi
  4 death yaks (Lair:6)
  A vampire mage (Depths:1)
  7 alligators
  3 deep troll shamans
  11 naga sharpshooters
  A spriggan berserker (Depths:3)
  Sonja (Lair:1)
  A giant orange brain (Slime:6)
  5 shock serpents
  4 salamander mystics (Snake:4)
  6 deep trolls
  2 unseen horrors
  A flayed ghost (Depths:3)
  16 swamp dragons
  2 shambling mangroves
  6 naga ritualists
  3 spriggan druids
  Pikel (D:4)
  2 hill giants
  2 wolf spider zombies (D:15)
  An orc knight (D:15)
  4 lindwurms (Snake:4)
  4 wizards
  2 hornets
  10 ugly things
  12 mana vipers
  26 elephants
  A manticore (D:15)
  4 cyclopes
  A shining eye (Slime:6)
  5 salamanders
  14 naga magi
  6 guardian serpents
  A moth of wrath (shapeshifter) (Depths:1)
  3 centaur zombies (D:15)
  Joseph (D:8)
  31 black mambas
  A gargoyle (D:11)
  An eye of devastation (Slime:4)
  A black mamba (shapeshifter) (Depths:1)
  Psyche (D:11)
  A fire drake (Lair:4)
  24 spiny frogs
  2 kobold demonologists (D:11)
  13 yaktaurs
  9 komodo dragons
  A komodo dragon (shapeshifter) (Depths:3)
  2 tengu conjurers
  16 blink frogs
  A jumping spider (shapeshifter) (Depths:1)
  2 trolls
  3 polar bears
  7 giant leeches
  A wolf spider simulacrum (D:15)
  11 two-headed ogres
  56 slime creatures
  15 bog bodies
  A boulder beetle (Lair:8)
  2 deep elf magi
  An air elemental (Depths:3)
  4 wyverns
  2 trapdoor spiders
  Sigmund (D:6)
  8 spriggans
  2 water elementals (D:13)
  48 yaks
  A vampire (D:14)
  4 fire bats (Depths:2)
  2 wraiths
  2 shadows
  3 basilisks
  14 hippogriffs
  A hungry ghost (D:13)
  5 hogs (Lair:5)
  41 vampire mosquitoes
  30 wolves
  A hippogriff (shapeshifter) (Depths:3)
  2 steam dragons (Lair:8)
  21 swamp worms
  6 insubstantial wisps (Swamp:1)
  3 mottled dragons
  A soldier ant (D:10)
  24 nagas
  7 orc warriors
  10 swamp drakes
  18 porcupines
  11 wasps
  5 ice beasts
  18 water moccasins
  8 phantoms
  A slave (D:4)
  An eye of draining (Slime:6)
  22 ogres
  3 sky beasts
  A black bear (D:11)
  11 centaurs
  14 crocodiles
  21 giant frogs
  3 big kobolds (D:11)
  3 scorpions
  3 troll zombies (D:11)
  3 killer bees (D:11)
  17 wights
  9 hounds
  8 crimson imps
  6 centaur skeletons
  6 electric eels
  A giant frog zombie (D:7)
  Crazy Yiuf (D:2)
  5 giant frog skeletons
  18 jellies
  5 orc priests
  A gnoll shaman (D:4)
  Terence (D:3)
  2 hell rats (Lair:3)
  14 iguanas
  12 orc wizards
  42 sheep
  9 worker ants
  2 killer bee zombies
  5 ogre zombies (D:11)
  2 hound skeletons
  2 worker ant zombies
  19 adders
  10 gnolls (D:4)
  46 river rats
  3 shadow imps
  14 oozes
  An adder skeleton (D:4)
  4 worms
  2 giant geckos
  32 orcs
  2 ball pythons
  6 giant cockroaches
  10 goblins
  11 hobgoblins
  12 jackals
  15 kobolds
  7 quokkas
  10 bats
  A giant gecko zombie (D:5)
  7 giant newts
  A goblin skeleton (D:11)
  4 goblin zombies (D:11)
  A hobgoblin skeleton (D:11)
  A hobgoblin zombie (D:11)
  2 jackal skeletons
  An orc skeleton (D:11)
  17 orc zombies (D:11)
  A quokka skeleton (D:7)
  A quokka zombie (D:5)
  8 rats
  6 briar patches
  6 fungi
  14 plants
1349 creatures vanquished.

Vanquished Creatures (collateral kills)
  Rupert (D:12)
  A greater naga (Snake:4)
  A frost giant (Depths:3)
  A vault guard (D:13)
  2 naga warriors (Snake:3)
  2 hydras (Swamp:4)
  A centaur warrior (D:13)
  A swamp dragon (Swamp:3)
  A black mamba (Snake:3)
  A naga mage (Snake:3)
  A yaktaur (Depths:1)
  A tengu conjurer (Depths:1)
  3 slime creatures
  2 spriggans (Swamp:4)
  A naga (Snake:3)
  2 wolves (Lair:8)
  A wasp (Swamp:4)
23 creatures vanquished.

Vanquished Creatures (others)
  A spriggan druid (Swamp:3)
  A human (Lair:5)
  An adder (D:4)
  An orc (D:4)
  2 hobgoblins (D:4)
  A goblin (D:4)
  2 kobolds (D:4)
  5 briar patches
  A bush (Lair:1)
  17 fungi
  37 plants
69 creatures vanquished.

Grand Total: 1441 creatures vanquished

Notes
Turn   | Place    | Note
--------------------------------------------------------------
     0 | D:1      | achirane the Hill Orc Berserker began the quest for the Orb.
     0 | D:1      | Reached XP level 1. HP: 19/19 MP: 1/1
   397 | D:1      | Reached XP level 2. HP: 19/26 MP: 2/2
   553 | D:1      | Reached skill level 5 in Axes
  1016 | D:2      | Reached XP level 3. HP: 31/31 MP: 3/3
  1064 | D:2      | Acquired Trog's second power
  1248 | D:2      | Reached skill level 6 in Axes
  1276 | D:2      | Found a shimmering altar of Xom.
  1456 | D:2      | Noticed Crazy Yiuf
  1463 | D:2      | Killed Crazy Yiuf
  1463 | D:2      | Reached XP level 4. HP: 39/39 MP: 4/4
  1581 | D:2      | Found a glowing golden altar of the Shining One.
  1889 | D:3      | Noticed Terence
  1900 | D:3      | Killed Terence
  1900 | D:3      | Reached skill level 7 in Axes
  1900 | D:3      | Reached XP level 5. HP: 45/45 MP: 5/5
  2586 | D:4      | Noticed a slave
  2588 | D:4      | Noticed a slave
  2590 | D:4      | Noticed Pikel
  2594 | D:4      | Killed Pikel
  2594 | D:4      | Reached skill level 10 in Axes
  2594 | D:4      | Reached XP level 6. HP: 51/51 MP: 6/6
  2594 | D:4      | Reached XP level 7. HP: 57/57 MP: 7/7
  2594 | D:4      | Killed a slave
  2599 | D:4      | Noticed a freed slave
  2607 | D:4      | Noticed a freed slave
  2706 | D:4      | Reached skill level 11 in Axes
  3016 | D:4      | Found a staircase to the Ecumenical Temple.
  3106 | D:4      | Reached XP level 8. HP: 64/64 MP: 8/8
  3212 | D:4      | Reached skill level 12 in Axes
  3214 | D:4      | Noticed a phantom
  3242 | D:4      | Killed a phantom
  3431 | D:4      | Found Cevechug's Magic Scroll Boutique.
  3436 | D:4      | Bought a scroll of blinking for 105 gold pieces
  3436 | D:4      | Bought a scroll of fear for 49 gold pieces
  3436 | D:4      | Bought a scroll of identify for 28 gold pieces
  3436 | D:4      | Bought a scroll of identify for 28 gold pieces
  3436 | D:4      | Bought a scroll of identify for 28 gold pieces
  3474 | D:4      | Acquired Trog's third power
  3661 | D:5      | Entered Level 5 of the Dungeon
  3822 | D:5      | Reached skill level 13 in Axes
  4343 | D:5      | Found Olaetsos's Antique Armour Shop.
  4347 | D:5      | Bought a pair of glowing gloves for 108 gold pieces
  4464 | D:6      | Noticed Sigmund
  4475 | D:6      | Killed Sigmund
  4519 | D:6      | Found a shadowy altar of Dithmenos.
  4594 | D:6      | Reached XP level 9. HP: 67/72 MP: 9/9
  4611 | D:6      | Received a gift from Trog
  4742 | D:6      | Found a shattered altar of Ashenzari.
  4960 | D:6      | Found a shadowy altar of Dithmenos.
  5026 | D:6      | Found an iron altar of Okawaru.
  5128 | D:6      | Reached skill level 5 in Fighting
  5128 | D:6      | Reached skill level 5 in Armour
  5221 | D:6      | Got a transparent arbalest
  6288 | D:8      | Found a white marble altar of Elyvilon.
  6322 | D:8      | Found a blossoming altar of Fedhas.
  6556 | D:8      | Found a sparkling altar of Nemelex Xobeh.
  6558 | D:8      | Found a glowing silver altar of Zin.
  6657 | D:8      | Found a sacrificial altar of Ru.
  6667 | D:8      | Noticed Joseph
  6688 | D:8      | Killed Joseph
  6688 | D:8      | Reached XP level 10. HP: 86/86 MP: 5/10
  6882 | D:8      | Gained mutation: You have very sharp teeth. [potion of mutation]
  6882 | D:8      | Gained mutation: Your spells are a little easier to cast, but a little less powerful. [potion of mutation]
  6882 | D:8      | Gained mutation: You are somewhat resistant to further mutation. [potion of mutation]
  7221 | D:9      | Found a burning altar of Makhleb.
  7386 | D:9      | Found a glowing golden altar of the Shining One.
  7386 | D:9      | Noticed Erica
  7396 | D:9      | Killed Erica
  7572 | D:10     | Entered Level 10 of the Dungeon
  7572 | D:10     | Noticed a centaur warrior
  7586 | D:10     | Killed a centaur warrior
  7586 | D:10     | Reached skill level 10 in Armour
  7618 | D:10     | Found a stormy altar of Qazlal.
  7721 | D:10     | Received a gift from Trog
  7721 | D:10     | Reached XP level 11. HP: 53/99 MP: 11/11
  7736 | D:10     | Reached skill level 10 in Fighting
  7917 | D:10     | Found a staircase to the Lair.
  8104 | D:10     | Got a twisted cloak
  8115 | D:10     | Identified the +1 cloak of the Cockatrice {Str+3 SInv Stlth+} (You found it on level 10 of the Dungeon)
  8550 | Lair:1   | Entered Level 1 of the Lair of Beasts
  8602 | Lair:1   | Reached skill level 14 in Axes
  8681 | Lair:1   | Noticed Sonja
  8844 | Lair:1   | Killed Sonja
  8844 | Lair:1   | Reached skill level 15 in Axes
  9031 | Lair:1   | Reached skill level 16 in Axes
  9250 | Lair:1   | Got a shimmering scale mail
  9261 | Lair:1   | Identified the cursed +1 scale mail "Lopuax" {rF+ MR+ Regen+ Str+3} (You found it on level 1 of the Lair of Beasts)
  9349 | Lair:1   | Reached XP level 12. HP: 93/107 MP: 4/12
  9408 | Lair:1   | Reached skill level 17 in Axes
  9497 | Lair:1   | Noticed Gastronok
  9511 | Lair:1   | Killed Gastronok
  9511 | Lair:1   | Received a gift from Trog
  9574 | Lair:1   | Reached skill level 18 in Axes
  9864 | Lair:2   | Found a labyrinth entrance.
 10863 | Lair:3   | Received a gift from Trog
 11025 | Lair:3   | Reached skill level 19 in Axes
 11373 | Lair:4   | Got a pair of dazzling gloves
 11384 | Lair:4   | Identified the +1 pair of gloves "Webruesm" {-Tele rElec rF+++ rCorr} (You found it on level 4 of the Lair of Beasts)
 11395 | Lair:4   | Found a staircase to the Swamp.
 11566 | Lair:4   | Reached skill level 20 in Axes
 11571 | Lair:4   | Reached XP level 13. HP: 114/114 MP: 13/13
 12340 | Lair:5   | Reached skill level 21 in Axes
 12497 | Lair:5   | Found a staircase to the Snake Pit.
 12624 | Lair:5   | Noticed Kirke
 12667 | Lair:5   | Killed Kirke
 12746 | Lair:5   | Identified the +4 arbalest "Edaryam" {venom, rF+ rC- rN+} (You found it on level 6 of the Dungeon)
 12754 | Lair:5   | Reached skill level 22 in Axes
 13000 | Lair:5   | Got a crude helmet
 13011 | Lair:5   | Identified the +0 helmet "Bett" {rF+} (You found it on level 5 of the Lair of Beasts)
 13364 | Lair:6   | Received a gift from Trog
 13419 | Lair:6   | Identified Jyfiporch's Incunabulum of Dislocation
 13484 | Lair:6   | Reached XP level 14. HP: 98/122 MP: 4/14
 13519 | Lair:6   | Reached skill level 23 in Axes
 13661 | Lair:6   | Reached skill level 1 in Maces & Flails
 14118 | Lair:7   | Reached skill level 24 in Axes
 14233 | Lair:7   | Found a basalt altar of Yredelemnul.
 14346 | Lair:7   | Received a gift from Trog
 14547 | Lair:7   | Found a runed door.
 14547 | Lair:7   | Found a viscous altar of Jiyva.
 14547 | Lair:7   | Found a staircase to the Slime Pits.
 14547 | Lair:7   | Noticed an acid blob
 14547 | Lair:7   | Noticed an acid blob
 14852 | Lair:8   | Entered Level 8 of the Lair of Beasts
 14944 | Lair:8   | Noticed achirane's ghost (powerful HOBe)
 14955 | Lair:8   | Killed achirane's ghost
 15625 | Lair:8   | Reached skill level 25 in Axes
 15726 | Lair:8   | Identified a scroll of acquirement
 15993 | Lair:1   | Gained mutation: Your body sometimes deteriorates upon taking damage. [potion of mutation]
 15993 | Lair:1   | Gained mutation: Your flesh is cold resistant. [potion of mutation]
 15993 | Lair:1   | Lost mutation: Your body sometimes deteriorates upon taking damage. [potion of mutation]
 16151 | D:11     | Found a staircase to the Orcish Mines.
 16185 | D:11     | Noticed Psyche
 16196 | D:11     | Killed Psyche
 16251 | D:11     | Noticed Fannar
 16262 | D:11     | Killed Fannar
 16262 | D:11     | Reached XP level 15. HP: 130/130 MP: 15/15
 16501 | D:11     | Received a gift from Trog
 16521 | D:11     | Found Mojaeg's Food Shop.
 16712 | D:12     | Noticed Nessos
 16717 | D:12     | Noticed Harold
 16719 | D:12     | Killed Nessos
 16724 | D:12     | Killed Harold
 16727 | D:12     | Noticed Rupert
 16738 | D:12     | Killed Rupert
 16919 | D:12     | Noticed Snorg
 16927 | D:12     | Killed Snorg
 17213 | D:13     | Found a gate to the Vaults.
 18030 | D:14     | You fall through a shaft!
 18030 | D:15     | Entered Level 15 of the Dungeon
 18042 | D:15     | Reached skill level 15 in Fighting
 18052 | D:15     | Received a gift from Trog
 18574 | D:15     | Found a staircase to the Depths.
 18831 | Depths:1 | Entered Level 1 of the Depths
 18841 | Depths:1 | Reached XP level 16. HP: 105/152 MP: 8/16
 19065 | Depths:1 | Found a one-way gate to the infinite horrors of the Abyss.
 19298 | Depths:1 | Found a gateway to Hell.
 20424 | Depths:2 | Found a one-way gate leading to the halls of Pandemonium.
 20468 | Depths:2 | Found Vorafuoli's Antique Armour Boutique.
 20660 | Depths:2 | Noticed a lich
 20668 | Depths:2 | Killed a lich
 20668 | Depths:2 | Reached XP level 17. HP: 126/163 MP: 12/17
 20738 | Depths:2 | Found a runed door.
 20819 | Depths:2 | Received a gift from Trog
 20821 | Depths:2 | Reached skill level 15 in Armour
 20930 | Depths:2 | Found a radiant altar of Vehumet.
 20930 | Depths:2 | Noticed a lich
 20930 | Depths:2 | Noticed an ancient lich
 20937 | Depths:2 | Killed a lich
 20942 | Depths:2 | Killed an ancient lich
 21147 | Depths:3 | Found a snail-covered altar of Cheibriados.
 21240 | Depths:3 | Found a corrupted altar of Lugonu.
 21308 | Depths:3 | HP: 1/163 [stone giant (16)]
 21636 | Depths:3 | Noticed a golden dragon
 21642 | Depths:3 | HP: 7/244 [golden dragon (18)]
 21653 | Depths:3 | HP: 5/163 [golden dragon (15)]
 22194 | D:10     | Noticed a hill giant
 22200 | D:10     | Killed a hill giant
 22236 | Lair:1   | Got a scorched hat
 22247 | Lair:1   | Identified the +0 hat of Reason {MR+ rCorr Int-4} (You acquired it on level 1 of the Lair of Beasts)
 22761 | Swamp:1  | Entered Level 1 of the Swamp
 23075 | Swamp:1  | Received a gift from Trog
 23519 | Swamp:2  | Noticed Aizul
 23532 | Swamp:2  | Killed Aizul
 23619 | Swamp:2  | Reached XP level 18. HP: 139/172 MP: 13/18
 24879 | Swamp:3  | Noticed a tentacled monstrosity
 24890 | Swamp:3  | Killed a tentacled monstrosity
 24947 | Swamp:3  | Paralysed by a hornet for 3 turns
 25261 | Swamp:4  | Entered Level 4 of the Swamp
 26182 | Swamp:4  | Noticed a tentacled monstrosity
 26195 | Swamp:4  | Killed a tentacled monstrosity
 26427 | Swamp:3  | HP: 8/172 [slime creature (4)]
 26632 | Swamp:4  | Noticed Louise
 27089 | Swamp:4  | Got a decaying rune of Zot
 27418 | Swamp:4  | Received a gift from Trog
 27435 | Swamp:4  | Got a jasper-encrusted ring mail
 27549 | Swamp:4  | Noticed Jorgrun
 27789 | Swamp:4  | Killed Louise
 27886 | Swamp:4  | Killed Jorgrun
 27886 | Swamp:4  | Reached XP level 19. HP: 163/179 MP: 16/19
 28218 | Swamp:4  | Identified the +4 ring mail of Exclusion {rElec Regen+ Int+8 Slay-6} (You found it on level 4 of the Swamp)
 28514 | Snake:1  | Entered Level 1 of the Snake Pit
 28634 | Snake:2  | Received a gift from Trog
 29029 | Snake:3  | Noticed Wiglaf
 29046 | Snake:3  | Killed Wiglaf
 29111 | Snake:3  | Noticed Vashnia
 29133 | Snake:3  | Killed Vashnia
 29496 | Snake:3  | Found Ynimmug's General Store.
 29946 | Snake:4  | Entered Level 4 of the Snake Pit
 30100 | Snake:4  | Found Uczypteq's Book Emporium.
 30188 | Snake:4  | Found Ziqug's Assorted Antiques.
 30226 | Snake:4  | Found Nufafrei's Jewellery Shoppe.
 30454 | Snake:4  | Found Etu Xyot's Gadget Emporium.
 31514 | Snake:4  | Received a gift from Trog
 31720 | Snake:4  | Reached XP level 20. HP: 134/187 MP: 20/20
 32247 | Snake:4  | Got a serpentine rune of Zot
 32709 | Lair:2   | Noticed a four-headed hydra
 32719 | Lair:2   | Killed a four-headed hydra
 32771 | Lair:5   | Received a gift from Trog
 32856 | Lair:7   | Killed an acid blob
 32859 | Lair:7   | Killed an acid blob
 32919 | Slime:1  | Entered Level 1 of the Pits of Slime
 33404 | Slime:6  | Entered Level 6 of the Pits of Slime
 33424 | Slime:6  | Noticed 4thArraOfDagon's ghost (mighty TrCK)
 33567 | Slime:6  | Killed 4thArraOfDagon's ghost
 33690 | Slime:6  | Noticed the royal jelly
 33726 | Slime:5  | HP: 8/185 [death ooze[the royal jelly] (11)]
 33726 | Slime:5  | HP: 1/185 [acid[the royal jelly] (7)]
 33726 | Slime:5  | Mangled by an acid blob

Vault maps used:
D:1:      nagdon_arrival_double_spiral, kennysheep_boxes
D:2:      old_standard_altar, tso_oasis_becter, first_bread,
          kennysheep_decorative_pillar, minivault_23, uniq_crazy_yiuf_cottage
D:3:      grunt_decor_mini_mirrors, uniq_terence
D:4:      corexii_shantytown, minmay_temple_entry_statues_fountains,
          serial_shops, nicolae_shop_crystal, minmay_misc_feat_secret_circle,
          uniq_pikel
D:5:      serial_shops, shop_fountains
D:6:      nicolae_ashenzari_panopticon, grunt_dithmenos_smoke,
          lemuel_crystal_altar, basic_altar, uniq_sigmund
D:7:      nrook_mini_backslash, the_bakery, fountainhead
D:8:      old_standard_altar, fedhas_altar_2, lemuel_crystal_altar,
          nicolae_overflow_hidden_temple, moated_statue, uniq_joseph
D:9:      overflow_temple_1_default, nicolae_two_hexagons, tso_altar, uniq_erica
D:10:     minmay_lair_entry_grove, nicolae_qazlal_general_emergency
D:11:     zombieorc2_lemuel, serial_shops, nicolae_shop_trees,
          minmay_misc_feat_columns, uniq_psyche, uniq_fannar
D:12:     uniq_harold, uniq_rupert, uniq_nessos, uniq_snorg
D:13:     lightli_vaults_fourway_checkpoint, serial_bayou, serial_bayou_lake_a,
          serial_bayou_pond_d, serial_bayou_pond_c, serial_bayou_lagoon_a,
          serial_bayou_pond_d
D:15:     grunt_enter_depths_hoard
Lair:1:   serial_forest, infiniplex_forest_clump_double,
          infiniplex_forest_split, infiniplex_forest_corner_1,
          infiniplex_forest_clump_double, infiniplex_forest_end_double,
          beast_lair_carwin_3, uniq_gastronok, uniq_sonja
Lair:2:   lab_entry_generic, serial_bayou_pond_b
Lair:3:   kennysheep_rathole
Lair:4:   swamp_mist
Lair:5:   guppyfry_snake_entry_garden, beast_lair_carwin_8, grunt_megastairs_2,
          lemuel_fruit_fields, uniq_kirke
Lair:6:   lemuel_slime, nicolae_lair_yak_garden
Lair:7:   slime_altar_2, basic_altar, beast_lair_carwin_1
Lair:8:   guppyfry_lair_end_dragon
Swamp:1:  serial_swamp_ruin, evilmike_swamp_ruin_house_3,
          evilmike_swamp_ruin_house_2
Swamp:2:  evilmike_swamp_ruin_wall, swamp_pool4, uniq_aizul
Swamp:3:  nicolae_snake_squiggles, infiniplex_staircase_pool_2
Swamp:4:  swamp_alternative, uniq_jorgrun, uniq_louise
Snake:1:  uniq_azrael
Snake:2:  basic_altar, grunt_ministairs_14
Snake:3:  portal_ice_cave_entry_pillars_01, serial_shops, shop_statue,
          basic_loot_grate_trap, lemuel_fruit_tree, uniq_vashnia, uniq_wiglaf
Snake:4:  snake_pit_salamanders_mu, serial_shops, shop, nicolae_shop_crystal,
          shop, nicolae_shop_crystal
Slime:2:  cheibrodos_slime_lost_civilization_4
Slime:4:  nicolae_slime_barrier
Depths:1: hell_entry, serial_sigils_hangedman_gnaw, abyss_entry,
          serial_bayou_crossing
Depths:2: minmay_skeletal_surprise, minmay_misc_feat_hallway, serial_shops,
          shop, hell_entry, pan_entry, grunt_absolute_annihilation
Depths:3: minmay_concentric_multi, basic_altar, grunt_hell_entry_dis_mu,
          pan_entry, abyss_entry_flame_altar, cheibriados_altar_1

Action                   |  1- 3 |  4- 6 |  7- 9 | 10-12 | 13-15 | 16-18 | 19-21 || total
-------------------------+-------+-------+-------+-------+-------+-------+-------++-------
Melee: Hand axe          |   116 |    91 |   351 |   120 |       |       |       ||   678
       Battleaxe         |       |       |       |   275 |       |       |       ||   275
       Executioner's axe |       |       |       |    63 |   774 |   753 |   530 ||  2120
       Dire flail        |       |       |       |       |    16 |    71 |     7 ||    94
Invok: Berserk           |     2 |     2 |     7 |    12 |     7 |     8 |     3 ||    41
       Burn Spellbooks   |       |     1 |       |       |     3 |     3 |     1 ||     8
       Trog's Hand       |       |       |     1 |       |     8 |    11 |     3 ||    23
       Brothers in Arms  |       |       |       |       |     3 |     9 |     6 ||    18
Evoke: Wand              |       |       |       |       |       |    27 |     3 ||    30
  Use: Scroll            |     2 |     8 |     5 |     6 |    13 |    24 |    11 ||    69
       Potion            |       |       |       |     2 |     2 |    11 |       ||    15
 Stab: Distracted        |       |       |       |       |       |     1 |     2 ||     3
       Sleeping          |       |       |       |       |       |     1 |     1 ||     2
  Eat: Chunk             |     2 |     5 |    20 |    18 |    27 |    15 |    10 ||    97
       Beef jerky        |       |     1 |       |       |     1 |     3 |       ||     5
       Bread ration      |       |       |       |     2 |       |     2 |     1 ||     5
       Royal jelly       |       |       |       |     1 |       |       |       ||     1
       Meat ration       |       |       |       |       |     1 |     3 |       ||     4
       Pizza             |       |       |       |       |       |     2 |       ||     2
       Fruit             |       |       |       |       |       |       |    13 ||    13
